Map: Tokamak LE

Players

Skytarded - Winner!

  • Race: Protoss Protoss
  • League: Platinum
  • Spawn Location: 7:00

Killer

  • Race: Terran Terran
  • League: Platinum
  • Spawn Location: 1:00

VOD

Have the link to the VOD?

Description

Time

  • Played on: May 22, 2025, 7:18 a.m.
  • Length: 10:45
Show
View Real Time Build Order
Export as new Build Order

Skytarded Protoss - Winner!

Build Orders: 1 Gate Expand, Blink Stalkers 

Get SALT Encoding   

  12  0:00  Probe  
  13  0:15  Probe  
  13  0:19  Pylon  
  14  0:27  Probe  
  15  0:38  Probe, Gateway  
  16  0:46  Probe  
  16  0:52  Assimilator  
  16  0:54  Probe  
  18  1:05  Probe  
  19  1:17  Probe  
  20  1:26  Cybernetics Core  
  20  1:30  Probe  
  21  1:40  Nexus  
  21  1:46  Pylon  
  21  1:55  Assimilator  
  22  2:01  Probe  
  21  2:08  Adept  
  21  2:13  Probe  
  21  2:22  Warp Gate  
  24  2:25  Probe  
  25  2:37  Twilight Council  
  25  2:43  Probe  
  26  2:44  Gateway  
  26  2:45  Stalker  
  28  2:55  Probe  
  28  2:57  Probe  
  30  3:03  Blink  
  30  3:07  Probe  
  30  3:09  Probe  
  32  3:19  Probe  
  33  3:21  Probe  
  34  3:32  Probe  
  35  3:48  Gateway  
  35  3:50  Probe x2  
  35  3:51  Robotics Facility  
  35  3:53  Pylon, Assimilator  
  35  3:54  Stalker  
  35  3:55  Stalker  
  37  4:02  Probe x2  
  43  4:14  Probe x2  
  45  4:20  Nexus  
  45  4:22  Probe x2, Pylon  
  45  4:30  Probe  
  47  4:35  Pylon  
  48  4:39  Stalker x2  
  52  4:46  Observer  
  53  4:53  Stalker  
  55  5:04  Pylon x2, Charge  
  55  5:05  Probe  
  56  5:13  Gateway x2  
  56  5:16  Gateway  
  56  5:17  Probe  
  56  5:20  Gateway  
  54  5:34  Stalker x3  
  60  5:40  Gateway  
  60  5:46  Probe  
  60  5:48  Forge  
  61  5:50  Observer  
  62  6:01  Probe x3  
  62  6:09  Probe x2  
  62  6:11  Pylon  
  65  6:13  Pylon  
  65  6:16  Zealot x2  
  65  6:18  Sentry  
  73  6:19  Zealot x2  
  73  6:20  Zealot  
  79  6:28  Probe x3  
  82  6:34  Observer  
  82  6:38  Zealot x3  
  89  6:40  Probe x2  
  89  6:44  Zealot x2  
  89  6:45  Probe  
  96  6:52  Probe x2  
  98  6:57  Probe  
  97  7:04  Probe  
  97  7:06  Pylon  
  98  7:09  Zealot x2  
  98  7:10  Zealot x4  
  110  7:20  Pylon  
  110  7:21  Pylon  
  110  7:29  Zealot x2  
  113  7:30  Zealot x4  
  113  7:36  Observer  
  106  8:04  Stalker x8  
  112  8:24  Forge  
  112  8:25  Nexus  
  112  8:26  Forge  
  112  8:28  Pylon  
  112  8:29  Protoss Ground Armor Level 1  
  112  8:31  Pylon  
  112  8:33  Gateway  
  112  8:34  Gateway  
  112  8:36  Pylon  
  112  8:39  Pylon  
  112  8:40  Robotics Facility  
  112  8:44  Forge  
  98  8:53  Zealot x2  
  98  8:54  Zealot x3  
  98  8:55  Zealot  
  110  8:56  Zealot x2  
  110  8:58  Probe x3  
  117  9:09  Assimilator  
  117  9:10  Probe  
  118  9:23  Zealot x8  
  134  9:30  Robotics Bay  
  134  9:33  Zealot x2  
  137  9:46  Warp Prism  
  137  9:49  Zealot x5  
  137  9:50  Zealot  
  151  10:13  Stalker x6  
  151  10:14  Stalker x2  
  133  10:29  Zealot x2  
Show
View Real Time Build Order
Export as new Build Order

Killer Terran 

Build Orders:  

Get SALT Encoding   

  12  0:00  SCV  
  13  0:12  SCV  
  14  0:17  Supply Depot  
  14  0:24  SCV  
  15  0:38  SCV  
  15  0:40  Barracks  
  16  0:45  Refinery  
  16  0:50  SCV  
  17  1:02  SCV  
  18  1:14  SCV  
  19  1:31  Command Center  
  19  1:37  Orbital Command  
  19  1:40  Marine  
  20  1:49  Supply Depot  
  20  1:56  Refinery  
  20  2:06  SCV  
  21  2:09  Barracks Reactor  
  21  2:18  Factory  
  21  2:19  SCV  
  22  2:31  SCV  
  23  2:43  Orbital Command, SCV  
  24  2:47  Marine x2  
  26  2:55  SCV  
  27  3:02  Starport, Factory Tech Lab  
  27  3:04  Marine  
  27  3:05  Marine  
  29  3:07  SCV  
  30  3:16  SCV  
  30  3:19  SCV  
  32  3:22  Marine x2  
  32  3:25  Siege Tank  
  37  3:28  SCV  
  37  3:31  SCV  
  39  3:40  Medivac, Marine x2  
  43  3:43  Barracks, SCV  
  43  3:48  SCV  
  45  3:55  SCV  
  46  4:03  Supply Depot  
  46  4:07  Supply Depot  
  46  4:08  Supply Depot  
  46  4:24  Marine  
  46  4:25  SCV x2, Siege Tank  
  46  4:26  Medivac  
  46  4:28  Marine  
  55  4:37  Refinery, SCV x2  
  57  4:39  Barracks, Barracks Tech Lab  
  57  4:42  Marine  
  58  4:46  Marine  
  58  4:49  SCV x2  
  61  4:57  Siege Tank  
  61  4:58  Starport Tech Lab  
  64  5:00  Marine  
  64  5:01  SCV x2  
  64  5:04  Marine  
  68  5:07  Supply Depot  
  68  5:08  Supply Depot  
  68  5:12  Refinery  
  68  5:13  SCV x2  
  63  5:29  Siege Tank  
  64  5:37  Banshee  
  64  5:39  Cloaking Field  
  64  5:42  Marauder  
  68  5:54  Marine  
  68  5:55  Marine  
  70  6:01  Supply Depot, Siege Tank  
  70  6:02  Supply Depot x2, Marine  
  74  6:06  Engineering Bay  
  74  6:08  Engineering Bay  
  74  6:12  Marine x2  
  74  6:14  Barracks Tech Lab  
  74  6:16  Stimpack  
  76  6:21  Marauder  
  78  6:27  Barracks  
  78  6:30  Marine x2  
  82  6:32  Marauder  
  82  6:40  Medivac  
  82  6:42  Marauder  
  86  6:48  Marine x2  
  90  6:54  Marauder  
  90  6:57  SCV x2  
  92  7:04  Marauder  
  94  7:10  Banshee  
  94  7:14  Marine  
  94  7:15  Marine, Marauder  
  101  7:16  Siege Tank  
  104  7:25  Marauder  
  106  7:32  Marine x2  
  106  7:37  Marauder  
  110  7:46  Marine  
  110  7:50  Marine x2  
  110  7:56  Combat Shield, Siege Tank  
  110  7:58  Marauder  
  103  8:04  Marauder  
  82  8:08  Marine x2  
  81  8:19  Marauder  
  83  8:20  Starport Reactor  
  83  8:26  Marauder, Marine x2  
  86  8:28  Siege Tank  
  89  8:40  Marine  
  90  8:44  Marine x2  
  90  8:46  Marine  
  91  8:51  Marauder  
  92  8:58  Marine  
  92  9:00  Siege Tank  
  92  9:01  Marine x2  
  98  9:04  Marine  
  98  9:06  Command Center  
  99  9:12  Marauder  
  99  9:14  Concussive Shells  
  99  9:15  Medivac  
  99  9:16  Medivac, Marine  
  106  9:19  Marine x2  
  106  9:22  Marine  
  109  9:32  Siege Tank  
  109  9:33  Marine  
  109  9:34  Marauder  
  109  9:37  Marine x2  
  117  9:40  Marine  
  118  9:45  Medivac  
  118  9:46  Medivac  
  122  10:04  Siege Tank  
Tags
 
Add a new tag
Caveats
  • Supply blocks, unpowered buildings, or Contaminate may cause inaccurate times.
  • Supply counts are checked every 10 seconds.